[Event "Titled Tuesday Blitz March 01 Early 2022"]
[White "Lazavik, Denis"]
[Black "Mikhalsky, Vladimir"]
[WhiteFideId "13515110"]
[BlackFideId "14144352"]
[WhiteElo "2436"]
[BlackElo "2248"]
[Result "1-0"]
[Round "02"]
[TimeControl "180+1"]
[Date "2022.03.01"]
[WhiteClock "0:01:38"]
[BlackClock "0:00:38"]

1. d4 Nf6 2. c4 g6 3. g3 Bg7 4. Bg2 O-O 5. Nf3 d6 6. O-O Nbd7 7. Nc3 e5 8. e4 c6 9. h3 Qb6 10. c5 dxc5 11. dxe5 Ne8 12. e6 fxe6 13. Ng5 Ne5 14. f4 Nf7 15. Nxf7 Rxf7 16. e5 Rd7 17. Qe2 Nc7 18. Be3 Bf8 19. Ne4 Nd5 20. Bf2 Qa6 21. Qxa6 bxa6 22. Bxc5 Rb8 23. b3 a5 24. Rac1 Ba6 25. Rfd1 a4 26. Bxf8 Kxf8 27. Nc5 Bc8 28. Nxe6+ Ke7 29. Nd4 Bb7 30. Nxc6+ Bxc6 31. Rxc6 axb3 32. axb3 Ne3 33. Rxd7+ Kxd7 34. Rc3 Nxg2 35. Kxg2 Rb4 36. Kf3 a5 37. Kg4 h6 38. h4 a4 39. bxa4 Rxa4 40. Rd3+ Ke7 41. Rd6 Kf7 42. h5 gxh5+ 43. Kxh5 Ra3 44. Rf6+ Ke7 45. Rg6 Ra1 46. Kxh6 Rh1+ 47. Kg5 Kf7 48. e6+ Ke7 49. f5 Kd6 50. Rg7 1-0


[Site "https://www.chess.com"]

[Event "Titled Tuesday Blitz March 01 Early 2022"]
[White "Li, Ben"]
[Black "Golubev, Mikhail"]
[WhiteFideId "2089980"]
[BlackFideId "14100983"]
[WhiteElo "2267"]
[BlackElo "2374"]
[Result "1/2-1/2"]
[Round "02"]
[TimeControl "180+1"]
[Date "2022.03.01"]
[WhiteClock "0:00:51"]
[BlackClock "0:00:12"]

1. d4 Nf6 2. c4 g6 3. Nc3 Bg7 4. e4 d6 5. Nf3 O-O 6. h3 Na6 7. Bg5 c6 8. Be2 Nc7 9. Nd2 e5 10. d5 cxd5 11. cxd5 Bd7 12. O-O b5 13. b4 a5 14. a3 Qb8 15. Qb3 Qb7 16. Be3 a4 17. Qb1 Nh5 18. Bxh5 gxh5 19. Qd3 f5 20. f4 Rae8 21. fxe5 Bxe5 22. Bd4 fxe4 23. Ndxe4 Bf5 24. Bxe5 Rxe5 25. Qg3+ Kh8 26. Nxd6 Qb6+ 27. Kh2 Qxd6 28. Rae1 Rxd5 29. Nxd5 Qxg3+ 30. Kxg3 Nxd5 31. Re5 Rg8+ 32. Kh2 Bd3 33. Rd1 Bc4 34. Rdxd5 Bxd5 35. Rxd5 Re8 36. Rxb5 Re3 37. Rxh5 Rxa3 38. Ra5 Ra1 39. Kg3 a3 40. Kh4 Rb1 41. Rxa3 Rxb4+ 42. g4 Kg7 43. Ra7+ Kg6 44. Ra6+ Kg7 45. Kh5 Rb5+ 46. g5 Rb7 47. h4 Rd7 48. Rb6 Rc7 49. Kg4 Rc4+ 50. Kh5 Rc7 51. Rf6 Ra7 52. Rf4 Rb7 53. Kg4 h6 54. Kh5 hxg5 55. hxg5 Kh7 56. g6+ Kg7 57. Rf5 Rb2 58. Rf7+ Kg8 59. Ra7 Rh2+ 60. Kg5 Rg2+ 61. Kf6 Rf2+ 62. Ke6 Re2+ 63. Kf5 Rf2+ 64. Kg4 Rg2+ 65. Kh5 Rh2+ 66. Kg5 Rg2+ 67. Kf4 Rf2+ 68. Ke5 Re2+ 69. Kd6 Rd2+ 70. Ke6 Re2+ 71. Kd5 Rd2+ 72. Ke5 Re2+ 73. Kf4 Rf2+ 74. Kg3 Rf6 75. g7 Rg6+ 76. Kf4 Rxg7 77. Ra8+ Kh7 78. Kf5 Rg8 79. Ra7+ Rg7 80. Ra1 Rf7+ 81. Ke6 Rg7 82. Kf6 Rg6+ 83. Kf5 Rg7 84. Rh1+ Kg8 85. Kf6 Rf7+ 86. Kg6 Rg7+ 87. Kf6 Rf7+ 88. Ke6 Rg7 89. Rf1 Rg6+ 90. Ke7 Rg7+ 91. Ke8 Kh7 92. Kf8 Rg8+ 93. Kf7 Rg7+ 94. Kf6 Rg6+ 95. Kf5 Rg7 96. Rh1+ Kg8 97. Ke6 Rg6+ 98. Ke7 Rg7+ 99. Kf6 1/2-1/2


[Site "https://www.chess.com"]

[Event "Titled Tuesday Blitz March 01 Early 2022"]
[White "Lima, Kleyton Alcantara"]
[Black "Shtyka, Sergey"]
[WhiteFideId "22718397"]
[BlackFideId "4138465"]
[WhiteElo "1951"]
[BlackElo "2014"]
[Result "1/2-1/2"]
[Round "02"]
[TimeControl "180+1"]
[Date "2022.03.01"]
[WhiteClock "0:00:14"]
[BlackClock "0:00:08"]

1. e4 c5 2. Nf3 d6 3. d4 cxd4 4. Nxd4 Nf6 5. Nc3 g6 6. Be3 Bg7 7. f3 O-O 8. Qd2 Nc6 9. O-O-O d5 10. Qe1 e5 11. Nxc6 bxc6 12. exd5 cxd5 13. Bg5 d4 14. Qxe5 h6 15. Rxd4 Qe8 16. Bxf6 Qxe5 17. Bxe5 Bxe5 18. Rd1 Bxc3 19. bxc3 Be6 20. c4 Rfc8 21. Rd4 Rc5 22. Bd3 Rac8 23. Re1 Kf8 24. Bxg6 Bxc4 25. Be4 Bxa2 26. Ra4 Bb3 27. Rxa7 Bxc2 28. Kd2 Bxe4 29. Rxe4 Rc2+ 30. Ke3 Rxg2 31. Rf4 Re8+ 32. Kd3 Re7 33. Rxe7 Kxe7 34. Rh4 Rg6 35. Ke4 Ke6 36. f4 f5+ 37. Kf3 Kf6 38. Rh3 Kg7 39. Rh5 Rf6 40. Ke3 Kg6 41. Rh3 Ra6 42. Rg3+ Kf6 43. Kf2 Ra2+ 44. Kf3 Rxh2 45. Rg8 Rh3+ 46. Kf2 Ra3 47. Rb8 Kg6 48. Rg8+ Kh5 49. Rf8 Kg4 50. Rh8 h5 51. Rb8 Kxf4 52. Kg2 Kg4 53. Rg8+ Kf4 54. Rb8 Ra2+ 55. Kh3 Re2 56. Rb4+ Re4 57. Rb8 Re1 58. Kg2 h4 59. Rb4+ Re4 60. Rb8 Kg4 61. Kf2 h3 62. Rg8+ Kf4 63. Rh8 Kg4 64. Rg8+ Kf4 65. Rh8 Rd4 66. Rh4+ Ke5 67. Rxh3 Rd2+ 68. Ke3 Ra2 69. Rh8 Ra3+ 70. Kf2 Kf4 71. Rb8 Ra2+ 72. Kf1 Kg4 73. Rb3 f4 74. Rc3 Rb2 75. Ra3 Rc2 76. Rb3 Ra2 77. Rc3 Rd2 78. Ra3 Kf5 79. Rb3 Ke4 80. Ra3 Rb2 81. Ra4+ Kf3 82. Ra3+ Kg4 83. Rc3 Ra2 84. Rb3 f3 85. Rb8 Ra1+ 86. Kf2 Ra2+ 87. Kf1 Ra1+ 88. Kf2 Ra2+ 89. Kf1 1/2-1/2


[Site "https://www.chess.com"]

[Event "Titled Tuesday Blitz March 01 Early 2022"]
[White "Maltsevskaya, Aleksandra"]
[Black "Abdrlauf, Elham"]
[WhiteFideId "24174041"]
[BlackFideId "1533533"]
[WhiteElo "2283"]
[BlackElo "2334"]
[Result "1-0"]
[Round "02"]
[TimeControl "180+1"]
[Date "2022.03.01"]
[WhiteClock "0:00:07"]
[BlackClock "0:00:02"]

1. Nf3 Nf6 2. g3 g6 3. Bg2 Bg7 4. O-O O-O 5. d4 d5 6. c4 c5 7. cxd5 cxd4 8. Nxd4 Nxd5 9. Nc3 Nxc3 10. bxc3 Qa5 11. Qb3 Nd7 12. Be3 Qh5 13. Bf3 Qh3 14. Bg2 Qh5 15. Qb5 Ne5 16. Rfd1 Rd8 17. Bf4 a6 18. Qb6 Bd7 19. Nf3 Nc4 20. Qc7 Qb5 21. Rab1 Qc6 22. Rxb7 Qxc7 23. Bxc7 Bc6 24. Bxd8 Bxb7 25. Bxe7 Rc8 26. Nd4 Bxg2 27. Kxg2 h5 28. Rb1 Nd2 29. Rb2 Ne4 30. Rb6 Nxc3 31. Nc6 Nd5 32. Rxa6 Kh7 33. Bg5 Nc3 34. e3 Nd5 35. Bf4 Nf6 36. Nd4 Ne4 37. Nf3 f6 38. Ra4 Re8 39. h4 Bf8 40. Rc4 f5 41. Ng5+ Nxg5 42. Bxg5 Ra8 43. Rc7+ Kg8 44. Rc6 Kf7 45. Rf6+ Kg7 46. Rc6 Rxa2 47. Bf6+ Kf7 48. Bd4 Rd2 49. Rf6+ Kg7 50. Rxf5+ Rxd4 51. Rxf8 Rd7 52. Ra8 Re7 53. Ra4 Rf7 54. f4 Re7 55. Kf3 Rc7 56. Ra6 Rd7 57. g4 hxg4+ 58. Kxg4 Re7 59. Ra3 Kh6 60. Rc3 Ra7 61. e4 Ra1 62. Rg3 Re1 63. e5 Rf1 64. Rg2 Re1 65. Kg3 Kh5 66. Kf3 Rf1+ 67. Ke4 Re1+ 68. Kd5 Rd1+ 69. Ke6 Kh6 70. f5 gxf5 71. Kxf5 Ra1 72. Kf6 Ra2 73. Rxa2 Kh5 74. e6 1-0


[Site "https://www.chess.com"]

[Event "Titled Tuesday Blitz March 01 Early 2022"]
[White "Manelyuk, Daniil"]
[Black "San, Thit Lwin"]
[WhiteFideId "44173920"]
[BlackFideId "13001272"]
[WhiteElo "2222"]
[BlackElo "2232"]
[Result "1-0"]
[Round "02"]
[TimeControl "180+1"]
[Date "2022.03.01"]
[WhiteClock "0:00:11"]
[BlackClock "0:00:01"]

1. e4 Nf6 2. e5 Nd5 3. Nf3 d6 4. exd6 cxd6 5. Bc4 Nb6 6. Bb3 d5 7. O-O Nc6 8. d3 Bg4 9. h3 Bh5 10. Be3 e6 11. c3 Be7 12. Nbd2 O-O 13. Bc2 Rc8 14. Qb1 Bg6 15. a4 a5 16. Qa2 Qc7 17. Nb3 Nd7 18. Nbd4 Nxd4 19. Nxd4 Nc5 20. Nb5 Qd7 21. Rfd1 e5 22. Rac1 Bf6 23. d4 exd4 24. Bxd4 Bxc2 25. Rxc2 Bxd4 26. Rxd4 Rfd8 27. Rcd2 Qf5 28. Rxd5 Rxd5 29. Rxd5 Qe6 30. Qc4 Ne4 31. Nc7 1-0


[Site "https://www.chess.com"]

[Event "Titled Tuesday Blitz March 01 Early 2022"]
[White "Manolache, Marius"]
[Black "Makarian, Rudik"]
[WhiteFideId "1201530"]
[BlackFideId "44105681"]
[WhiteElo "2389"]
[BlackElo "2486"]
[Result "0-1"]
[Round "02"]
[TimeControl "180+1"]
[Date "2022.03.01"]
[WhiteClock "0:00:02"]
[BlackClock "0:00:14"]

1. d4 Nf6 2. c4 e6 3. Nc3 Bb4 4. g3 O-O 5. Bg2 d6 6. Nf3 c5 7. O-O Bxc3 8. bxc3 Nc6 9. Re1 h6 10. Rb1 Qe7 11. h3 Na5 12. Nd2 Rb8 13. Ba3 b6 14. e4 e5 15. Bb2 Ba6 16. Bf1 Rbc8 17. Qa4 Qd7 18. Qa3 Rfe8 19. d5 Rf8 20. Bc1 Nh7 21. Qb2 Rce8 22. Qc2 Bc8 23. Bg2 Qd8 24. Nf1 f5 25. Nd2 f4 26. Kh2 g5 27. Qd3 Kh8 28. Nf1 Ba6 29. Qf3 Nxc4 30. Qh5 Kg7 31. Nd2 Nxd2 32. Bxd2 Nf6 33. Qd1 Qd7 34. Bf3 Bc8 35. Bg2 Kh8 36. c4 Rf7 37. a4 Rg8 38. a5 g4 39. h4 Qd8 40. axb6 axb6 41. Rb3 Nh5 42. Qb1 Ba6 43. Rxb6 Bxc4 44. Rb7 fxg3+ 45. fxg3 Rf2 46. Be3 Qf6 47. Rb2 Rf3 48. Bxf3 gxf3 49. Rg1 Be2 50. Qe1 Qg6 51. Rxe2 fxe2 52. Qxe2 Nf6 53. Kh1 Qxe4+ 54. Rg2 Nxd5 55. Bxh6 Qxe2 56. Rxe2 Rxg3 57. Rd2 Rh3+ 58. Kg2 Rxh4 59. Bf8 Rg4+ 60. Kh3 Rd4 61. Ra2 Nf4+ 62. Kg3 Kg8 63. Ra8 Kf7 64. Bh6 Ke6 65. Re8+ Kd5 66. Bf8 c4 67. Rd8 Ke6 0-1


[Site "https://www.chess.com"]

[Event "Titled Tuesday Blitz March 01 Early 2022"]
[White "Maranhao,Jose Renato Ruiz"]
[Black "Bortnyk, Olexandr"]
[WhiteFideId "2135175"]
[BlackFideId "14120828"]
[WhiteElo "1970"]
[BlackElo "2723"]
[Result "0-1"]
[Round "02"]
[TimeControl "180+1"]
[Date "2022.03.01"]
[WhiteClock "0:00:02"]
[BlackClock "0:02:32"]

1. e4 Nf6 2. e5 Nd5 3. d4 d6 4. c4 Nb6 5. f4 dxe5 6. fxe5 Bf5 7. Nf3 e6 8. Nc3 Bb4 9. Bd3 c5 10. Bxf5 cxd4 11. Qxd4 Qxd4 12. Nxd4 exf5 13. Nxf5 O-O 14. O-O Nxc4 15. Nd5 Bc5+ 16. Kh1 Nc6 17. b4 Nxb4 18. Nfe7+ Kh8 19. Bf4 Nd3 20. Bg3 Ncxe5 21. Rab1 b6 0-1


[Site "https://www.chess.com"]

[Event "Titled Tuesday Blitz March 01 Early 2022"]
[White "Marson, Juan Miguel"]
[Black "Ovezdurdyyeva, Jemal"]
[WhiteFideId "106585"]
[BlackFideId "14001888"]
[WhiteElo "2053"]
[BlackElo "1946"]
[Result "1-0"]
[Round "02"]
[TimeControl "180+1"]
[Date "2022.03.01"]
[WhiteClock "0:00:06"]
[BlackClock "0:00:03"]

1. e4 d6 2. d4 Nf6 3. Nc3 c6 4. Be3 b5 5. Bd3 b4 6. Nce2 a5 7. f4 g6 8. Nf3 Bg7 9. Qd2 Qc7 10. h3 c5 11. c3 Bb7 12. Ng3 h5 13. Ng5 h4 14. Ne2 Bh6 15. d5 Nbd7 16. O-O Ba6 17. c4 Nf8 18. Rae1 Nh5 19. e5 Nh7 20. Ne6 Qd7 21. exd6 exd6 22. f5 fxe6 23. fxe6 Bxe3+ 24. Qxe3 Qg7 25. Rf7 Qg8 26. Nf4 Nxf4 27. Qxf4 O-O-O 28. e7 Re8 29. Qg4+ Kc7 30. Ref1 Bc8 31. Qxg6 Qxg6 32. Bxg6 Ng5 33. Rf8 Rhxf8 34. exf8=Q Rxf8 35. Rxf8 Bd7 36. Bf5 Bxf5 37. Rxf5 Ne4 38. Rf4 Nd2 39. b3 a4 40. bxa4 Kb6 41. g4 hxg3 42. h4 Ka5 43. h5 Kxa4 44. h6 Ka3 45. h7 Kxa2 46. h8=Q b3 47. Qa8+ Kb1 48. Qa3 b2 49. Qd3+ Kc1 50. Qc3+ Kb1 51. Qxd2 Ka2 52. Rf3 Ka1 53. Ra3+ Kb1 54. Qd1# 1-0


[Site "https://www.chess.com"]

[Event "Titled Tuesday Blitz March 01 Early 2022"]
[White "Martinez Alcantara, Jose Eduardo"]
[Black "Madaminov, Mukhiddin"]
[WhiteFideId "3805662"]
[BlackFideId "14210703"]
[WhiteElo "2914"]
[BlackElo "2626"]
[Result "1-0"]
[Round "02"]
[TimeControl "180+1"]
[Date "2022.03.01"]
[WhiteClock "0:00:06"]
[BlackClock "0:00:02"]

1. e4 e5 2. Nf3 Nc6 3. Bb5 a6 4. Ba4 Nf6 5. d3 Bc5 6. c3 d6 7. h3 O-O 8. Bg5 h6 9. Bh4 Ba7 10. Nbd2 b5 11. Bb3 Qe7 12. O-O Be6 13. Re1 Bxb3 14. axb3 Qe6 15. Nf1 Ne7 16. d4 Ng6 17. Bxf6 Qxf6 18. Rxa6 Bb6 19. Rxa8 Rxa8 20. Ne3 c6 21. d5 Bxe3 22. fxe3 c5 23. Qe2 Rb8 24. Ra1 b4 25. Nd2 Qd8 26. Kh2 Ne7 27. Ra6 Nc8 28. Qf1 g6 29. g3 Kg7 30. h4 Rb7 31. Ra8 Qc7 32. Ra6 Qd8 33. Kg2 Qd7 34. Qe2 h5 35. Ra1 Ne7 36. Ra6 Nc8 37. Kf2 Qh3 38. Qf1 Qd7 39. Ke1 Ne7 40. Kd1 Ng8 41. Kc2 Nf6 42. Rc6 bxc3 43. bxc3 Qd8 44. Qa1 Qd7 45. Qa6 Ra7 46. Qb6 Ra2+ 47. Kd3 Ng4 48. Rc7 Nf2+ 49. Kc4 Ra4+ 50. b4 Qe8 51. Qc6 Ra8 52. Qxe8 Rxe8 53. bxc5 dxc5 54. d6 Rd8 55. Kd5 Nd3 56. Nc4 Kf6 57. Kc6 Ke6 58. Re7+ Kf6 59. Ra7 Ke6 60. d7 Ke7 61. Nb6 c4 62. Nd5+ Ke6 63. Nb6 Nb2 64. Rc7 Nd1 65. Rc8 Ke7 66. Nd5+ Ke6 67. Rxd8 Nxc3 68. Re8# 1-0


[Site "https://www.chess.com"]

[Event "Titled Tuesday Blitz March 01 Early 2022"]
[White "Marzaduri, Riccardo"]
[Black "Makhnev, Denis"]
[WhiteFideId "886084"]
[BlackFideId "13707647"]
[WhiteElo "2200"]
[BlackElo "2491"]
[Result "0-1"]
[Round "02"]
[TimeControl "180+1"]
[Date "2022.03.01"]
[WhiteClock "0:01:02"]
[BlackClock "0:01:52"]

1. d4 d5 2. Nc3 Nf6 3. Bf4 Bf5 4. f3 h6 5. g4 Bh7 6. e3 e6 7. Bd3 Bxd3 8. Qxd3 Bd6 9. Nge2 a6 10. h4 c5 11. O-O-O cxd4 12. exd4 Nc6 13. Qe3 Qc7 14. Bxd6 Qxd6 15. Nf4 O-O-O 16. g5 hxg5 17. hxg5 Nd7 18. g6 Rxh1 19. Rxh1 fxg6 20. Qxe6 Qxf4+ 21. Kb1 Qxf3 22. Rd1 Qf5 23. Qd6 Nf6 24. Qc5 Ne4 25. Na4 Nxc5 0-1


[Site "https://www.chess.com"]

[Event "Titled Tuesday Blitz March 01 Early 2022"]
[White "Matinian, Nikita"]
[Black "Eynullayev, Atilla"]
[WhiteFideId "24129100"]
[BlackFideId "13413570"]
[WhiteElo "2422"]
[BlackElo "1979"]
[Result "1-0"]
[Round "02"]
[TimeControl "180+1"]
[Date "2022.03.01"]
[WhiteClock "0:00:43"]
[BlackClock "0:00:08"]

1. e4 c5 2. Nc3 e6 3. f4 d5 4. Nf3 dxe4 5. Nxe4 Nf6 6. Bb5+ Bd7 7. Qe2 a6 8. Bxd7+ Nbxd7 9. d3 Be7 10. f5 Nxe4 11. fxe6 fxe6 12. Qxe4 Qb6 13. O-O Nf6 14. Qc4 O-O 15. Re1 Nd5 16. Bg5 Bd6 17. Rxe6 Bxh2+ 18. Kxh2 Qxe6 19. Re1 Qd6+ 20. Re5 Rxf3 21. Qxd5+ Qxd5 22. Rxd5 Rf2 23. Rxc5 Re8 24. Bh4 Rd2 25. Bg5 Rf2 26. Bh4 Rf7 27. a4 h6 28. a5 g5 29. Bg3 Kg7 30. b4 Kg6 31. c4 h5 32. b5 h4 33. Be5 axb5 34. cxb5 Ra8 35. b6 Rd7 36. d4 Re7 37. Kh3 Rf7 38. Kg4 Raf8 39. Bh2 Rf2 40. Rxg5+ Kh6 41. Kxh4 R8f4+ 42. Bxf4 Rxf4+ 43. Rg4 Rf5 44. Re4 Rxa5 45. Re6+ Kg7 46. Re7+ Kf6 47. Rxb7 Rd5 48. g4 Rxd4 49. Rc7 Rb4 50. b7 Kg6 51. Kg3 Rb3+ 52. Kf4 Rb4+ 53. Ke5 Kg5 54. Kd6 Kxg4 55. Kc6 Rc4+ 56. Kd7 Rd4+ 57. Kc8 1-0


[Site "https://www.chess.com"]

[Event "Titled Tuesday Blitz March 01 Early 2022"]
[White "Matlakov, Maxim"]
[Black "Krishnan, Varun"]
[WhiteFideId "4168003"]
[BlackFideId "5054508"]
[WhiteElo "2661"]
[BlackElo "2583"]
[Result "1-0"]
[Round "02"]
[TimeControl "180+1"]
[Date "2022.03.01"]
[WhiteClock "0:00:45"]
[BlackClock "0:00:24"]

1. e4 c5 2. Nf3 e6 3. g3 Nc6 4. Bg2 d6 5. O-O Nf6 6. Re1 Be7 7. c3 O-O 8. d4 cxd4 9. cxd4 e5 10. d5 Nb8 11. Nc3 a6 12. a4 Nbd7 13. a5 b5 14. axb6 Nxb6 15. h3 Bd7 16. Qe2 a5 17. Be3 Qc7 18. Rec1 Qb7 19. Nd2 Rfc8 20. Bf1 a4 21. Qf3 Be8 22. Ra2 Nfd7 23. Bb5 Nc5 24. Bxe8 Rxe8 25. Bxc5 dxc5 26. Rca1 Qd7 27. Kg2 c4 28. Qe2 Rec8 29. Nf3 f6 30. Qc2 a3 31. bxa3 Na4 32. Nd2 Bc5 33. Nxa4 Rxa4 34. Rc1 Bd4 35. Nf3 Bb6 36. Rb2 Bc5 37. Rb7 Qxb7 38. Qxa4 Qb2 39. Rc2 Qxa3 40. Qxc4 Rc7 41. d6+ Rf7 42. Qxc5 Qxc5 43. Rxc5 Rd7 44. Rc8+ Kf7 45. Rc7 Ke6 46. Rxd7 Kxd7 47. Nh4 Kxd6 48. Nf5+ Ke6 49. Nxg7+ Kf7 50. Nf5 Ke6 51. Kf3 Kd7 52. Kg4 Ke6 53. Kh5 Kf7 54. Kh6 Kg8 55. h4 Kh8 56. Ne7 f5 57. exf5 e4 58. f6 e3 59. f7 exf2 60. f8=Q# 1-0


[Site "https://www.chess.com"]

[Event "Titled Tuesday Blitz March 01 Early 2022"]
[White "Maung, Maung Kyaw Zaw Hein"]
[Black "Krsnik Cohar, Ivan Vihor"]
[WhiteFideId "13001698"]
[BlackFideId "14520044"]
[WhiteElo "1785"]
[BlackElo "2414"]
[Result "0-1"]
[Round "02"]
[TimeControl "180+1"]
[Date "2022.03.01"]
[WhiteClock "0:00:26"]
[BlackClock "0:01:26"]

1. Nf3 d5 2. d4 Bf5 3. c4 e6 4. Nc3 Nc6 5. Bg5 Be7 6. Bxe7 Ncxe7 7. e3 c6 8. Bd3 Nf6 9. Bxf5 Nxf5 10. O-O O-O 11. Ne5 Nd7 12. Nxd7 Qxd7 13. cxd5 cxd5 14. Rc1 Rfc8 15. Qa4 Qd8 16. Rc2 a6 17. Rfc1 Nd6 18. Nb1 b5 19. Qb4 Rc4 20. Qd2 Ne4 21. Qd1 Rac8 22. b3 Rxc2 23. Rxc2 h6 24. f3 Nd6 25. Qc1 Rxc2 26. Qxc2 Qa5 27. Kf2 g6 28. h4 h5 29. Nd2 Kg7 30. g4 hxg4 31. fxg4 Qd8 32. Kg3 Qa5 33. Kf3 f6 34. h5 gxh5 35. gxh5 Nf5 36. Nf1 Qe1 37. Qg2+ Kf8 38. h6 Nh4+ 0-1


[Site "https://www.chess.com"]

[Event "Titled Tuesday Blitz March 01 Early 2022"]
[White "Mikhailov, Viacheslav"]
[Black "Demchenko, Anton"]
[WhiteFideId "4187369"]
[BlackFideId "4160258"]
[WhiteElo "2381"]
[BlackElo "2539"]
[Result "0-1"]
[Round "02"]
[TimeControl "180+1"]
[Date "2022.03.01"]
[WhiteClock "0:02:12"]
[BlackClock "0:02:39"]

1. Nf3 Nf6 2. g3 g6 3. Bg2 Bg7 4. O-O O-O 5. c4 d6 6. Nc3 Nbd7 7. d3 a5 8. Bd2 c6 9. a3 Nb6 10. b4 d5 11. cxd5 Nfxd5 12. Nxd5 Nxd5 13. bxa5 Bxa1 14. Qxa1 Rxa5 15. Bh6 f6 16. Bxf8 Kxf8 17. Rb1 Qd6 18. Rb3 Nc7 19. Ng5 Rxg5 0-1


[Site "https://www.chess.com"]

[Event "Titled Tuesday Blitz March 01 Early 2022"]
[White "Mirzoev, Azer"]
[Black "Pinheiro, Iung Alicio de O."]
[WhiteFideId "13400304"]
[BlackFideId "2104350"]
[WhiteElo "2525"]
[BlackElo "2522"]
[Result "1-0"]
[Round "02"]
[TimeControl "180+1"]
[Date "2022.03.01"]
[WhiteClock "0:00:42"]
[BlackClock "0:00:04"]

1. c4 c5 2. Nc3 g6 3. g3 Bg7 4. Bg2 Nc6 5. a3 d6 6. Rb1 Be6 7. d3 Rb8 8. Nf3 Qc8 9. h4 a6 10. Ng5 Bd7 11. Bd2 b5 12. b3 Nf6 13. O-O O-O 14. e3 Ne5 15. Qc2 Bc6 16. Nd5 Re8 17. Bc3 Ned7 18. Rfc1 e6 19. Nxf6+ Nxf6 20. Qb2 e5 21. Qe2 Bxg2 22. Kxg2 h6 23. Ne4 Qc6 24. Qf3 Nxe4 25. Qxe4 Qd7 26. b4 cxb4 27. axb4 Qe6 28. Qd5 Qxd5+ 29. cxd5 Rec8 30. Bd2 f5 31. e4 h5 32. Ra1 Rxc1 33. Rxc1 Bf8 34. Rc6 Ra8 35. Rc7 Kh8 36. Kf3 Kg8 37. Ke2 fxe4 38. dxe4 Bg7 39. Rc6 Bf8 40. f3 Kf7 41. Rc7+ Ke8 42. Rb7 Be7 43. Kd3 Kd8 44. Bg5 Bxg5 45. hxg5 a5 46. Rg7 Kc8 47. Rxg6 Ra6 48. bxa5 Rxa5 49. Rxd6 Ra3+ 50. Ke2 Ra2+ 51. Kf1 Ra1+ 52. Kg2 Ra2+ 53. Kh3 b4 54. g6 Kc7 55. Rc6+ Kd7 56. Rb6 1-0


[Site "https://www.chess.com"]

[Event "Titled Tuesday Blitz March 01 Early 2022"]
[White "Miszler, Levente"]
[Black "Balaji, Aaravamudhan"]
[WhiteFideId "763276"]
[BlackFideId "436224"]
[WhiteElo "1966"]
[BlackElo "2085"]
[Result "0-1"]
[Round "02"]
[TimeControl "180+1"]
[Date "2022.03.01"]
[WhiteClock "0:00:11"]
[BlackClock "0:00:41"]

1. d4 g6 2. c4 Bg7 3. Nc3 d6 4. e4 Nf6 5. f3 O-O 6. Be3 b6 7. Nge2 Bb7 8. Qd2 Nbd7 9. h4 h5 10. O-O-O e5 11. d5 a5 12. g3 Nc5 13. Bh3 Ba6 14. b3 a4 15. Kb2 Qb8 16. g4 hxg4 17. fxg4 Nfxe4 18. Nxe4 Nxe4 19. Qc2 Nc5 20. h5 b5 21. hxg6 axb3 22. gxf7+ Rxf7 23. axb3 bxc4 24. g5 cxb3 25. Qg6 Bxe2 26. Be6 Ra2+ 27. Kb1 Ra1+ 28. Kb2 e4+ 29. Bd4 Nd3+ 30. Rxd3 Ra2+ 31. Kc1 b2+ 32. Kb1 Ra1+ 33. Kc2 b1=Q+ 34. Kd2 Qxd3# 0-1


[Site "https://www.chess.com"]

[Event "Titled Tuesday Blitz March 01 Early 2022"]
[White "Mkrtchyan, Mariam"]
[Black "Tologon tegin, Semetei"]
[WhiteFideId "13310828"]
[BlackFideId "13800574"]
[WhiteElo "1984"]
[BlackElo "2258"]
[Result "1/2-1/2"]
[Round "02"]
[TimeControl "180+1"]
[Date "2022.03.01"]
[WhiteClock "0:01:15"]
[BlackClock "0:00:05"]

1. d4 Nf6 2. Nf3 e6 3. g3 d5 4. Bg2 Be7 5. O-O O-O 6. c4 dxc4 7. Qc2 a6 8. a4 Nc6 9. Qxc4 Bd7 10. Nc3 Rb8 11. a5 h6 12. Rd1 Nb4 13. Ne5 Nfd5 14. e4 Nxc3 15. bxc3 Nc6 16. Bf4 Nxe5 17. Bxe5 Bd6 18. Rab1 Bxe5 19. dxe5 Qc8 20. f4 Bc6 21. Rd2 Rd8 22. Rbd1 Rxd2 23. Rxd2 Qf8 24. Qd4 Qa3 25. f5 Qxa5 26. h4 Qb6 27. Kh2 exf5 28. exf5 Bxg2 29. Kxg2 Qxd4 30. cxd4 c6 31. Kf3 Kf8 32. Ke4 Ke7 33. g4 b5 34. Ra2 Rb6 35. Kd3 a5 36. Rxa5 b4 37. Ra7+ Ke8 38. Ra2 Kd7 39. Rb2 Rb7 40. Kc4 Kc7 41. Rxb4 Ra7 42. d5 cxd5+ 43. Kxd5 Ra5+ 44. Ke4 Ra1 45. Rd4 Rh1 46. Kd5 Rxh4 47. Rc4+ Kd7 48. e6+ fxe6+ 49. fxe6+ Ke7 50. Rc7+ Kf6 51. Kd6 Rxg4 52. Rf7+ Kg6 53. Rf8 Rd4+ 54. Kc7 Re4 55. Kd7 h5 56. e7 h4 57. e8=Q+ Rxe8 58. Rxe8 Kh5 59. Rh8+ Kg4 60. Ke6 g5 61. Kf6 h3 62. Rg8 h2 63. Rxg5+ Kh3 64. Rh5+ Kg2 65. Kf5 h1=Q 66. Rxh1 Kxh1 1/2-1/2


[Site "https://www.chess.com"]

[Event "Titled Tuesday Blitz March 01 Early 2022"]
[White "Mosadeghpour, Masoud"]
[Black "Poormosavi, Seyed Kian"]
[WhiteFideId "12519278"]
[BlackFideId "12585807"]
[WhiteElo "2395"]
[BlackElo "2116"]
[Result "1-0"]
[Round "02"]
[TimeControl "180+1"]
[Date "2022.03.01"]
[WhiteClock "0:00:05"]
[BlackClock "0:00:08"]

1. e4 c6 2. d4 d5 3. f3 e6 4. Nc3 Bb4 5. Bd2 Ne7 6. h4 Nd7 7. h5 h6 8. Bd3 O-O 9. a3 Bxc3 10. Bxc3 dxe4 11. fxe4 e5 12. Nf3 exd4 13. Bxd4 c5 14. Bc3 Qc7 15. Qe2 Qg3+ 16. Qf2 Qxf2+ 17. Kxf2 Nc6 18. Rad1 Nb6 19. Bb5 Be6 20. g4 f6 21. Kg3 Bc4 22. Bxc6 bxc6 23. b3 Bf7 24. Nh4 c4 25. b4 Na4 26. Bd4 a5 27. e5 fxe5 28. Bxe5 Bd5 29. Rhf1 Rxf1 30. Rxf1 Be4 31. Rf4 Bxc2 32. Rxc4 Re8 33. Rxc2 Rxe5 34. Rxc6 axb4 35. axb4 Re3+ 36. Kf4 Rb3 37. Rc8+ Kf7 38. Rb8 Nc3 39. Rb7+ Kg8 40. Ke5 Na2 41. Nf5 Rxb4 42. Rxg7+ Kh8 43. Rg6 Rb5+ 44. Kf4 Rb4+ 45. Kg3 Nc3 46. Rxh6+ Kg8 47. Rg6+ Kh8 48. Rc6 Ne2+ 49. Kh4 Nd4 50. Nxd4 Rxd4 51. h6 Rd1 52. Kh5 Kg8 53. Kg6 Rd8 54. g5 Kh8 55. Rc7 Ra8 56. Kh5 Kg8 57. Rd7 Kh8 58. g6 Ra5+ 59. Kg4 Ra4+ 60. Kf3 Ra5 61. Rd8# 1-0


[Site "https://www.chess.com"]

[Event "Titled Tuesday Blitz March 01 Early 2022"]
[White "Moskalenko, Alexander"]
[Black "Ozer, Omer Faruk"]
[WhiteFideId "4155351"]
[BlackFideId "6354564"]
[WhiteElo "2515"]
[BlackElo "2050"]
[Result "1-0"]
[Round "02"]
[TimeControl "180+1"]
[Date "2022.03.01"]
[WhiteClock "0:00:17"]
[BlackClock "0:00:03"]

1. d4 Nf6 2. Nf3 g6 3. Bg5 Bg7 4. Nbd2 O-O 5. c3 d6 6. e4 Qe8 7. Bd3 e5 8. dxe5 dxe5 9. O-O h6 10. Bh4 Nh5 11. Re1 Nd7 12. Bf1 Nb6 13. a4 Be6 14. a5 Nd7 15. Nc4 f6 16. Nfd2 Rd8 17. b4 Rf7 18. Ne3 Nf8 19. Qc2 Rfd7 20. Rad1 Nf4 21. Bg3 Qf7 22. c4 c6 23. f3 h5 24. Bf2 Bh6 25. Nb3 b6 26. Rxd7 Rxd7 27. axb6 axb6 28. Ra1 Ra7 29. Rxa7 Qxa7 30. Nd1 Nd7 31. Nc3 Qa3 32. b5 cxb5 33. Nxb5 Qb4 34. Nc7 Nc5 35. Nxc5 bxc5 36. Na6 Qa5 37. Nxc5 Bf7 38. Nb3 Qb4 39. Nc1 Ne6 40. Ne2 Bd2 41. c5 Be1 42. Bxe1 Qxe1 43. c6 Nc7 44. Qc5 Kg7 45. Qb6 Ne6 46. Qb2 Qa5 47. Qc3 Qb6+ 48. Kh1 Qf2 49. Qc1 h4 50. Ng1 Be8 51. c7 Bd7 52. Nh3 Bc8 53. Nxf2 1-0


[Site "https://www.chess.com"]

[Event "Titled Tuesday Blitz March 01 Early 2022"]
[White "Moskvin, Anatoly"]
[Black "Oparin, Grigoriy"]
[WhiteFideId "24199990"]
[BlackFideId "24125890"]
[WhiteElo "2079"]
[BlackElo "2685"]
[Result "0-1"]
[Round "02"]
[TimeControl "180+1"]
[Date "2022.03.01"]
[WhiteClock "0:00:04"]
[BlackClock "0:01:35"]

1. e4 c5 2. Nf3 d6 3. d4 cxd4 4. Nxd4 Nf6 5. f3 e5 6. Bb5+ Nbd7 7. Ne2 a6 8. Bxd7+ Bxd7 9. O-O Be7 10. c4 b5 11. Na3 Qb6+ 12. Kh1 O-O 13. Qd3 Rfc8 14. Be3 bxc4 15. Nxc4 Qb5 16. b3 Be6 17. Rfc1 d5 18. Nxe5 Qxd3 19. Nxd3 dxe4 20. fxe4 Nxe4 21. Nd4 Bd5 22. Nf4 Bb7 23. Rxc8+ Rxc8 24. Rc1 Rxc1+ 25. Bxc1 g6 26. Kg1 Nc3 27. Kf2 Nxa2 28. Bb2 Nb4 29. g3 f6 30. Ke2 Kf7 31. Nfe6 h5 32. Nc7 Nd5 33. Nxd5 Bxd5 34. Bc3 g5 35. b4 Kg6 36. Kf2 Bd6 37. h4 gxh4 38. gxh4 f5 39. Bd2 f4 40. Ne2 Kf5 41. Bc3 Kg4 42. Bd2 f3 43. Nd4 Bg3+ 44. Kg1 f2+ 45. Kf1 Bc4+ 0-1


[Site "https://www.chess.com"]